Map: Kairos Junction LE

Players

Kas - Winner!

  • Race: Terran Terran
  • Spawn Location: 11:00

Souleer

  • Race: Zerg Zerg
  • Spawn Location: 5:00

Event: IEM Season 13: Katowice (2019)

VOD

Have the link to the VOD?

Description

Time

  • Played on: Feb. 26, 2019, 10:24 a.m.
  • Length: 14:35

All games in this series

Show
View Real Time Build Order
Export as new Build Order

Kas Terran - Winner!

Build Orders: Gas First Reaper Expand, Hellion Banshee 

Get SALT Encoding   

  12  0:00  SCV  
  13  0:13  SCV  
  14  0:18  Supply Depot  
  14  0:25  SCV  
  15  0:28  Refinery  
  15  0:40  SCV  
  16  0:45  Barracks  
  16  0:52  SCV  
  17  1:04  SCV  
  18  1:16  SCV  
  19  1:31  Orbital Command  
  19  1:32  Reaper  
  20  1:42  Command Center  
  20  1:54  Factory  
  20  1:57  SCV  
  21  2:05  Barracks Reactor  
  21  2:09  SCV  
  21  2:13  Refinery  
  21  2:14  Supply Depot  
  22  2:21  SCV  
  23  2:35  SCV  
  24  2:41  Starport  
  24  2:45  Hellion x2  
  24  2:49  SCV  
  29  2:55  Orbital Command  
  29  2:58  Barracks Tech Lab  
  29  3:01  SCV  
  30  3:08  Hellion  
  30  3:10  Hellion  
  34  3:13  SCV  
  35  3:22  SCV  
  35  3:24  Cloaking Field  
  35  3:25  SCV  
  37  3:30  Banshee  
  40  3:36  SCV, Supply Depot  
  40  3:39  SCV  
  42  3:44  Hellion  
  42  3:46  Hellion  
  46  3:57  SCV x2  
  46  3:58  Marine  
  46  3:59  Supply Depot  
  49  4:09  Armory, SCV  
  50  4:13  Banshee  
  50  4:17  SCV  
  54  4:21  SCV, Hellion x2  
  54  4:22  Supply Depot  
  59  4:29  SCV  
  60  4:33  SCV  
  61  4:41  SCV  
  61  4:45  Command Center  
  62  4:46  Supply Depot  
  62  4:52  SCV  
  63  4:54  Barracks Tech Lab, SCV  
  63  4:55  Supply Depot  
  64  5:04  SCV  
  64  5:12  Starport Reactor  
  50  5:33  Stimpack, SCV, Marine  
  50  5:34  Siege Tank  
  52  5:37  Engineering Bay, SCV  
  52  5:38  Engineering Bay  
  52  5:39  Barracks  
  52  5:42  Barracks  
  51  5:45  SCV  
  51  5:49  SCV  
  52  5:50  Refinery  
  52  5:51  Marine, Supply Depot x2  
  52  5:57  SCV  
  52  5:59  Orbital Command  
  52  6:01  SCV  
  52  6:02  Starport Reactor  
  54  6:06  Refinery  
  54  6:07  Siege Tank  
  54  6:09  SCV, Marine  
  59  6:13  SCV  
  59  6:15  Terran Infantry Armor Level 1, Terran Infantry Weapons Level 1  
  60  6:21  SCV  
  60  6:25  SCV  
  62  6:27  Marine  
  62  6:28  Barracks x2, Orbital Command  
  62  6:32  Marine x2  
  65  6:33  SCV, Marine  
  65  6:35  Supply Depot  
  65  6:37  SCV  
  68  6:41  Marine  
  68  6:44  Marine  
  68  6:45  SCV  
  71  6:49  Siege Tank, SCV  
  71  6:50  Medivac, Marine x2  
  71  6:51  Marine  
  71  6:54  SCV  
  81  6:57  SCV  
  81  6:59  Medivac, Marine  
  85  7:01  SCV  
  85  7:02  Marine  
  85  7:06  SCV  
  85  7:07  Marine, Supply Depot  
  85  7:08  Marine x2  
  90  7:10  SCV  
  90  7:14  SCV  
  93  7:16  Marine  
  93  7:17  Barracks Reactor  
  93  7:18  Barracks Reactor, SCV  
  93  7:20  Marine  
  93  7:22  SCV  
  97  7:24  Siege Tank  
  97  7:25  Marine x2  
  97  7:26  SCV, Marine  
  104  7:30  SCV  
  104  7:31  Refinery  
  104  7:34  Combat Shield, Refinery, SCV, Marine  
  107  7:38  SCV, Marine  
  107  7:40  Supply Depot  
  107  7:42  Supply Depot  
  107  7:43  Marine x2  
  111  7:44  SCV, Marine  
  111  7:46  Medivac, SCV  
  111  7:50  SCV  
  117  7:52  Marine  
  117  7:56  Marine x5  
  117  7:57  Siege Tank  
  126  8:01  Marine x2  
  126  8:02  Marine  
  118  8:10  Marine  
  102  8:13  Marine  
  102  8:14  Marine x4  
  102  8:19  Marine x2  
  99  8:20  Marine  
  99  8:25  SCV  
  95  8:28  Marine  
  95  8:31  Terran Infantry Weapons Level 2, Terran Infantry Armor Level 2, SCV, Marine x2  
  95  8:32  Marine x2  
  100  8:34  SCV  
  100  8:37  SCV  
  101  8:43  Marine  
  101  8:45  SCV  
  101  8:46  SCV  
  101  8:48  Marine x2  
  105  8:50  Marine  
  105  8:51  Marine  
  105  8:53  Command Center  
  105  8:55  Marine x2, Supply Depot  
  110  9:03  Marine  
  110  9:04  Marine x2  
  110  9:06  Marine  
  110  9:08  Marine x2  
  110  9:09  SCV, Bunker  
  117  9:10  Marine  
  117  9:15  Marine  
  119  9:17  Siege Tank, Medivac  
  119  9:18  Marine  
  119  9:21  Medivac  
  119  9:22  SCV x2  
  129  9:25  SCV  
  129  9:31  Marine x6  
  132  9:32  Marine  
  132  9:33  Marine  
  132  9:34  SCV  
  132  9:36  Marine  
  125  9:48  Marine  
  125  9:52  Marine x2  
  125  9:53  SCV x2  
  125  9:54  SCV  
  125  9:56  Marine  
  125  9:57  Marine  
  125  9:58  Marine x2  
  132  10:00  Siege Tank, Medivac x2  
  132  10:05  SCV  
  138  10:07  Marine  
  138  10:13  Marine x3  
  138  10:14  Marine x2  
  115  10:15  Marine x2  
  115  10:17  SCV  
  115  10:19  SCV  
  118  10:23  Marine  
  118  10:25  Marine  
  118  10:27  Factory  
  120  10:30  Marine  
  120  10:31  Marine  
  122  10:39  Marine x3  
  122  10:42  SCV x3  
  125  10:43  Marine  
  125  10:47  Marine x2  
  125  10:48  Marine x3  
  125  10:49  Siege Tank, Medivac  
  136  10:50  Terran Infantry Weapons Level 3  
  136  10:51  Terran Infantry Armor Level 3  
  136  10:54  SCV  
  137  10:57  SCV x2  
  128  11:04  Bunker  
  128  11:05  Marine  
  128  11:06  Marine  
  125  11:11  Marine x3  
  125  11:12  Factory Tech Lab  
  125  11:13  SCV x2  
  125  11:14  Planetary Fortress  
  130  11:19  SCV  
  130  11:21  Sensor Tower, Marine x2  
  134  11:25  SCV x2  
  134  11:29  Marine x3  
  134  11:31  SCV  
  137  11:37  SCV  
  137  11:38  Siege Tank, SCV, Marine  
  143  11:40  Marine  
  143  11:43  SCV, Marine x2  
  143  11:46  Marine  
  148  11:54  Marine  
  146  12:02  SCV, Marine  
  146  12:03  Marine  
  142  12:14  Marine x2  
  142  12:15  SCV, Marine x2  
  118  12:16  Marine x3  
  118  12:17  Siege Tank x2, Medivac x2  
  118  12:22  Marine x2  
  123  12:24  SCV x3  
  123  12:27  SCV  
  129  12:31  Marine  
  129  12:32  Marine  
  129  12:33  Marine x2  
  129  12:34  Marine  
  129  12:36  SCV x2  
  136  12:38  Supply Depot  
  136  12:40  SCV x2  
  136  12:41  Marine x4  
  142  12:49  Marine x2  
  142  12:51  Marine x2  
  144  12:53  Marine  
  144  12:56  Siege Tank x2  
  153  12:59  Marine x4  
  153  13:00  Supply Depot  
  157  13:07  Marine x2  
  157  13:08  SCV x3  
  157  13:09  SCV, Marine x2  
  157  13:11  Marine  
  166  13:13  Command Center  
  166  13:16  Marine  
  166  13:17  Marine x3  
  170  13:25  Marine x2  
  172  13:29  Marine  
  172  13:30  Siege Tank, Marine x2  
  172  13:31  Siege Tank  
  181  13:34  Marine  
  181  13:37  Marine x2  
  180  13:53  Marine x3  
  180  13:54  Marine  
  184  13:58  Marine x3  
  183  14:03  Siege Tank, Marine x2  
  188  14:13  SCV, Marine  
  188  14:28  Barracks x3  
Show
View Real Time Build Order
Export as new Build Order

Souleer Zerg 

Build Orders: Hatch First 

Get SALT Encoding   

  12  0:00  Drone  
  13  0:12  Overlord  
  13  0:16  Drone  
  14  0:31  Drone x2  
  14  0:35  Drone  
  17  0:51  Hatchery  
  17  0:54  Drone  
  17  0:57  Drone  
  18  1:11  Spawning Pool  
  17  1:14  Drone  
  18  1:18  Drone  
  18  1:21  Extractor  
  18  1:28  Drone  
  19  1:39  Overlord  
  19  1:51  Drone  
  20  1:58  Queen  
  22  2:02  Zergling x2  
  22  2:03  Queen, Zergling x2  
  26  2:11  Drone  
  26  2:15  Drone  
  28  2:23  Hatchery  
  28  2:29  Drone  
  28  2:32  Metabolic Boost  
  28  2:36  Drone  
  29  2:38  Drone  
  29  2:41  Drone  
  31  2:48  Queen  
  33  2:53  Overlord  
  33  2:56  Drone  
  34  2:59  Drone  
  34  3:02  Drone  
  36  3:14  Drone x2, Spore Crawler  
  36  3:19  Overlord  
  38  3:20  Drone x3  
  38  3:23  Queen  
  43  3:30  Drone  
  44  3:34  Overlord  
  44  3:37  Zergling x4  
  44  3:38  Zergling x2  
  44  3:39  Zergling x2  
  48  3:43  Zergling x2  
  48  3:45  Baneling Nest  
  48  3:47  Drone  
  49  3:49  Drone  
  49  3:54  Queen  
  52  3:59  Drone, Spore Crawler  
  52  4:03  Spore Crawler  
  52  4:05  Drone  
  52  4:06  Drone  
  52  4:07  Spore Crawler  
  52  4:10  Drone x2  
  52  4:11  Zergling x2  
  52  4:16  Zergling x4  
  57  4:18  Drone x2  
  57  4:22  Overlord  
  59  4:28  Drone x2  
  61  4:35  Drone x5  
  66  4:40  Drone x3  
  66  4:45  Overlord  
  69  4:49  Evolution Chamber x2, Extractor  
  66  4:53  Overlord  
  66  4:54  Overlord  
  65  5:01  Drone  
  65  5:03  Baneling x6  
  65  5:04  Baneling x3  
  65  5:06  Drone x2  
  68  5:08  Drone x2  
  68  5:13  Drone x2  
  69  5:15  Zergling x4  
  69  5:18  Zergling x6  
  68  5:26  Drone x6  
  61  5:34  Queen  
  59  5:36  Queen  
  59  5:40  Drone x3  
  64  5:44  Drone x2  
  64  5:46  Zerg Melee Weapons Level 1  
  64  5:48  Extractor  
  62  5:50  Drone  
  62  5:52  Drone  
  62  5:56  Drone  
  65  6:01  Drone  
  65  6:02  Extractor  
  65  6:03  Drone  
  66  6:10  Drone x3  
  67  6:12  Drone  
  67  6:13  Hatchery  
  67  6:14  Drone x2  
  69  6:19  Zerg Ground Armor Level 1  
  69  6:21  Drone  
  69  6:25  Lair  
  70  6:27  Drone  
  70  6:30  Extractor, Drone  
  70  6:31  Drone x2  
  70  6:32  Zergling x4  
  74  6:36  Zergling x2, Spore Crawler  
  74  6:39  Drone x2  
  76  6:45  Overlord  
  76  6:51  Overlord  
  76  6:54  Zergling x10  
  80  6:58  Zergling x2  
  80  6:59  Zergling x6  
  84  7:02  Zergling x2  
  84  7:04  Queen  
  84  7:05  Zergling x2  
  84  7:08  Zergling x2  
  89  7:10  Baneling x2  
  89  7:12  Zergling x2  
  90  7:17  Overlord  
  90  7:19  Zergling x2  
  91  7:25  Zergling x8  
  91  7:26  Zergling x8  
  91  7:27  Baneling x4  
  99  7:31  Baneling  
  99  7:32  Centrifical Hooks  
  99  7:34  Zergling x8  
  99  7:35  Baneling x4  
  103  7:38  Zergling x4  
  103  7:43  Zerg Melee Weapons Level 2  
  103  7:44  Hydralisk Den, Drone  
  106  7:46  Drone x2  
  106  7:50  Zergling x4, Baneling x2  
  109  7:51  Zergling x2  
  109  7:52  Zergling x6  
  109  7:53  Zergling x2  
  109  7:54  Zergling x2  
  115  7:58  Zergling x4  
  115  8:04  Zergling x4  
  104  8:11  Zergling x4  
  97  8:13  Baneling x2  
  97  8:14  Queen, Baneling  
  97  8:17  Zergling x10  
  97  8:18  Baneling x4  
  97  8:19  Zergling x2  
  100  8:21  Zergling x2  
  100  8:24  Zergling x2  
  100  8:26  Zergling x2  
  97  8:28  Grooved Spines, Zerg Ground Armor Level 2  
  97  8:29  Queen  
  97  8:30  Queen  
  97  8:31  Zergling x2  
  99  8:34  Zergling x2  
  99  8:37  Zergling x2  
  99  8:40  Zergling x6  
  104  8:42  Baneling x2, Hatchery  
  104  8:43  Baneling  
  104  8:44  Baneling  
  104  8:47  Zergling x8  
  107  8:51  Zergling x6  
  107  8:53  Overseer  
  110  8:59  Drone x3  
  110  9:00  Drone  
  114  9:06  Overlord  
  114  9:13  Zergling x6  
  114  9:15  Baneling  
  114  9:16  Zergling x2, Baneling x5  
  114  9:17  Zergling x4  
  114  9:24  Baneling x4  
  114  9:25  Zergling x2, Baneling  
  114  9:26  Zergling x8  
  114  9:29  Zergling x4  
  114  9:31  Baneling x16  
  121  9:33  Overlord  
  120  9:40  Muscular Augments  
  115  9:50  Zergling x2  
  115  9:51  Zergling x4  
  115  9:52  Overlord  
  113  9:55  Zergling x2  
  113  9:56  Zergling x10  
  119  10:00  Zergling x4  
  119  10:05  Zergling x8  
  119  10:06  Zergling x2  
  109  10:11  Zergling x4  
  99  10:14  Drone  
  99  10:18  Zergling x2  
  96  10:21  Queen, Drone  
  96  10:25  Queen  
  96  10:27  Zergling x6  
  102  10:30  Queen  
  102  10:31  Hydralisk x4  
  111  10:36  Hydralisk x3, Overlord  
  111  10:40  Baneling x9  
  117  10:43  Zergling x6  
  117  10:50  Zergling x4  
  117  10:54  Zergling x4  
  117  10:56  Hydralisk x3  
  117  11:05  Zergling x8  
  116  11:13  Zergling x2  
  116  11:14  Zergling x4  
  116  11:18  Zergling x2  
  118  11:19  Baneling x11  
  118  11:20  Zergling x4  
  118  11:22  Zergling x2  
  118  11:23  Zergling x4  
  123  11:28  Zergling x4  
  123  11:31  Zergling x4  
  123  11:37  Zergling x4  
  125  11:41  Zergling x2  
  125  11:43  Zergling x2  
  127  11:47  Zergling x8  
  127  11:48  Zergling x4  
  127  11:52  Zergling x8  
  127  11:53  Zergling x2  
  134  11:55  Queen, Hatchery  
  134  11:56  Zergling x2  
  134  11:57  Zergling x6  
  134  11:59  Zergling x4  
  137  12:03  Zergling x2  
  137  12:08  Zergling x2  
  118  12:11  Zergling x6  
  103  12:16  Zergling x2  
  103  12:20  Zergling x2  
  103  12:21  Zergling x6  
  102  12:27  Drone x9  
  111  12:32  Drone  
  111  12:36  Zergling x4  
  114  12:38  Baneling x15  
  114  12:39  Hydralisk  
  114  12:42  Hydralisk  
  118  12:45  Hydralisk, Burrow  
  118  12:48  Hydralisk x2  
  124  12:54  Hydralisk x2  
  128  12:59  Overlord x4  
  128  13:03  Baneling x4  
  128  13:04  Overlord  
  128  13:17  Hydralisk x6  
  140  13:20  Zergling x2  
  140  13:21  Zergling x4  
  140  13:23  Zergling x4  
  140  13:25  Baneling x5  
  143  13:30  Zergling x10  
  148  13:35  Zergling x8  
  152  13:46  Zergling x20  
  161  13:49  Zergling x6  
  161  13:51  Zergling x2  
  161  13:52  Zergling x2  
  161  13:54  Zergling x4  
  168  13:58  Zergling x6  
  169  14:07  Zergling x18  
  168  14:12  Zergling x10  
  168  14:16  Zergling x8  

Tags
 
Add a new tag
Caveats
  • Supply blocks, unpowered buildings, or Contaminate may cause inaccurate times.
  • Supply counts are checked every 10 seconds.